 Dungeon Crawl Stone Soup version 0.24-a0-736-g4e6fe308c7 (webtiles) character file.

Game seed: 11703545222278007342, levelgen mode: deterministic

46 Kiporshnikov the Chopper (level 3, 0/34 HPs)
             Began as a Deep Dwarf Berserker on Oct 2, 2019.
             Was a Follower of Trog.
             Slain by a quokka (1 damage)
             ... on level 2 of the Dungeon.
             The game lasted 00:21:10 (2682 turns).

Kiporshnikov the Chopper (Deep Dwarf Berserker)     Turns: 2682, Time: 00:21:10

Health: 0/34       AC:  7    Str: 21    XL:     3   Next: 46%
Magic:  3/3        EV: 12    Int:  7    God:    Trog [*.....]
Gold:   98         SH:  0    Dex: 12    Spells: 2/2 levels left

rFire    . . .     SeeInvis .   a - +0 hand axe
rCold    . . .     Gourm    .   (no shield)
rNeg     . . .     Faith    .   c - +0 ring mail
rPois    .         Spirit   .   (no helmet)
rElec    .         Reflect  .   b - +0 cloak
rCorr    .         Harm     .   e - +0 pair of gloves
MR       .....                  (no boots)
Stlth    +.........             (no amulet)
HPRegen  0.00/turn              (no ring)
MPRegen  0.08/turn              (no ring)

@: non-regenerating
A: damage resistance, heal wounds, sense surroundings 1, no regeneration
a: Heal Wounds, Berserk, Renounce Religion


You were on level 2 of the Dungeon.
You worshipped Trog.
Trog was aware of your devotion.
You were not hungry.

You visited 1 branch of the dungeon, and saw 3 of its levels.

You collected 98 gold pieces.

Inventory:

Hand Weapons
 a - a +0 hand axe (weapon)
 m - a +0 dagger
 q - a +0 dagger
Missiles
 l - 83 stones (quivered)
 n - 39 arrows
Armour
 b - a +0 cloak (worn)
 c - a +0 ring mail (worn)
 e - a +0 pair of gloves (worn)
Scrolls
 d - a scroll of enchant weapon {unknown}
 h - a scroll of amnesia {unknown}
 i - a scroll of remove curse {unknown}
Potions
 f - a potion of agility
 g - a potion of curing {unknown}
 j - a potion of lignification {unknown}
 o - a potion of magic {unknown}


   Skills:
 + Level 3.0 Fighting
 + Level 4.2 Axes
 + Level 2.5 Armour
 + Level 2.7 Dodging


You had 2 spell levels left.
You didn't know any spells.
Your spell library was empty.

Dungeon Overview and Level Annotations

Branches:
Dungeon (3/15)

Altars:


Innate Abilities, Weirdness & Mutations

You are resistant to damage.
You can heal yourself by infusing magical energy.
You passively map a small area around you.
You do not regenerate.


Message History

You kill the kobold!
Trog accepts your kill.
Found a war axe.
There is an escape hatch in the ceiling here.
You can't go down here!
A mysterious force pulls you upwards. The hatch slams shut behind you.
All of the chunks of flesh in your inventory have rotted away.
A quokka comes into view.
The quokka bites you but does no damage.
Found a stone staircase leading up.
You barely miss the quokka.
The quokka bites you but does no damage.
You closely miss the quokka. The quokka barely misses you. x2
You hit the quokka.
The quokka is heavily wounded.
The quokka bites you but does no damage.
You closely miss the quokka.
The quokka is heavily wounded.
The quokka bites you.
You die...

* * , #......<...
, #.......... ,
#..........
#..........
#####..........
...............
.........!.....
*......r@.......,
*
#######.#######*
* ####.# #....# ,
** #.##.# *
#.#### ####### ,
#.##### #.....#
#.....# #.###.# *
#####.# #.# #.#


You could see a quokka.

Vanquished Creatures
  An adder (D:2)
  A dart slug (D:1)
  3 bats
  3 giant cockroaches
  6 hobgoblins
  2 jackals (D:1)
  3 frilled lizards
  4 goblins (D:1)
  6 kobolds
  6 rats
35 creatures vanquished.

Notes
Turn   | Place    | Note
-------+----------+-------------------------------------------
     0 | D:1      | Kiporshnikov the Deep Dwarf Berserker began the quest for
                  | the Orb.
     0 | D:1      | Reached XP level 1. HP: 20/20 MP: 1/1
   601 | D:1      | Reached XP level 2. HP: 12/27 MP: 2/2
  2032 | D:1      | HP: 1/27 [hobgoblin (1)]
  2191 | D:2      | Reached skill level 4 in Axes
  2191 | D:2      | Reached XP level 3. HP: 1/33 MP: 3/3
  2682 | D:2      | Slain by a quokka

Levels and vault maps discovered:
D:1:      tarquinn_simple_flora_water_c, layout_loops_ring
D:2:      layout_basic
D:3:      layout_loops_ring, grunt_dithmenos_smoke_and_mirrors

Skill      XL: |  1  2  3 |
---------------+----------+-----
Axes           | 4 |  4.2
Fighting       | 3 |  3.0
Armour         | |  2.5
Dodging        | |  2.7

Action                   || total
-------------------------++-------
Melee: Hand axe          ||   119
Throw: Stone             ||     3
  Use: Scroll            ||     1
       Potion            ||     1
  Eat: Ration            ||     2
Armor: Animal skin       ||     3
       Ring mail         ||    50
       Leather armour    ||     1
Dodge: Dodged            ||   107

Table legend:
 A = Non-vault XP
 B = Vault XP
 C = Vault XP percentage of total XP
 D = Non-vault monster count
 E = Vault monster count
 F = Vault count percentage of total count
                 A         B        C        D         E       F
            +---------+---------+-------+---------+---------+-------
      Total |      67 |       0 |   0.0 |      35 |       0 |   0.0
            +---------+---------+-------+---------+---------+-------
        D:1 |      41 |       0 |   0.0 |      25 |       0 |   0.0
        D:2 |      24 |       0 |   0.0 |       9 |       0 |   0.0
        D:3 |       2 |       0 |   0.0 |       1 |       0 |   0.0
            +---------+---------+-------+---------+---------+-------
